 Dungeon Crawl Stone Soup version 0.31.0-9-g3a7656b989 (webtiles) character file.

Game seed: 4930474648289177381

11641 McKennaii the Destroyer (level 11, 0/74 HPs)
             Began as a Demigod Conjurer on Jan 26, 2024.
             Slain by a demonic crawler (9 damage)
             ... on level 12 of the Dungeon on Jan 28, 2024.
             The game lasted 00:26:30 (16263 turns).

McKennaii the Destroyer (Demigod Conjurer)         Turns: 16263, Time: 00:26:30

Health: 0/74       AC:  4    Str: 11    XL:     11   Next: 27%
Magic:  3/29       EV: 12    Int: 32    God:
Gold:   678        SH:  0    Dex: 12    Spells: 9/30 levels left

rFire   + . .        p - +1 dagger (drain)
rCold   + . .        (no shield)
rNeg    . . .        R - +0 robe {rC+ rF+}
rPois   +            (no helmet)
rElec   .            w - +0 cloak
rCorr   .            (no gloves)
SInv    +            H - +0 pair of boots "Ucawnirgh" {rPois Str+3}
Will    +....        l - amulet of regeneration
Stlth   ++           r - ring of see invisible
HPRegen 1.12/turn    y - ring of flight
MPRegen 0.21/turn

%: no passive effects
@: mighty, about to teleport, flying
A: high MP 1, forlorn, divine attributes
a: no special abilities


You were on level 12 of the Dungeon.
You visited 3 branches of the dungeon, and saw 14 of its levels.
You also visited: Sewer.

You collected 876 gold pieces.
You spent 198 gold pieces at shops.

Inventory:

Hand Weapons
 p - a +1 dagger of draining (weapon)
Armour
 w - a +0 cloak (worn)
 H - the +0 pair of boots "Ucawnirgh" (worn) {rPois Str+3}
   (You found it on level 7 of the Dungeon)

   Str+3:     It affects your strength (+3).
   rPois:     It protects you from poison
 R - a +0 robe of resistance (worn)
Jewellery
 l - an amulet of regeneration (around neck)
 r - a ring of see invisible (left hand)
 x - a ring of resist corrosion
 y - a ring of flight (right hand)
 E - a ring of positive energy
 P - a ring of protection from cold
Wands
 j - a wand of charming (11)
 I - a wand of flame (22)
 M - a wand of roots (3)
Scrolls
 c - 2 scrolls of noise {unknown}
 d - 10 scrolls of identify
 f - 2 scrolls of enchant armour {unknown}
 g - 4 scrolls of teleportation
 n - 2 scrolls of enchant weapon
 q - a scroll of silence {unknown}
 s - 3 scrolls of fear {unknown}
 t - 5 scrolls of vulnerability {unknown}
 u - a scroll of brand weapon {unknown}
 v - 2 scrolls of immolation {unknown}
 z - 3 scrolls of blinking
 D - a scroll of summoning {unknown}
 F - a scroll of amnesia {unknown}
 J - a scroll of poison {unknown}
 L - a scroll of fog {unknown}
 N - a scroll of revelation {unknown}
 O - a scroll of acquirement {unknown}
Potions
 b - 5 potions of magic
 e - 5 potions of curing
 h - 2 potions of cancellation {unknown}
 i - 2 potions of might
 k - 3 potions of mutation {unknown}
 m - 3 potions of haste {unknown}
 o - 2 potions of brilliance {unknown}
 B - 3 potions of attraction {unknown}
 C - 4 potions of heal wounds {unknown}
 G - a potion of ambrosia {unknown}
 K - a potion of berserk rage {unknown}
 Q - a potion of lignification {unknown}
Miscellaneous
 A - a phantom mirror


   Skills:
 - Level 1.7 Dodging
 - Level 1.7 Stealth
 + Level 10.1 Spellcasting
 + Level 11.4 Conjurations
 + Level 7.4 Air Magic


You had 9 spell levels left.
You knew the following spells:

 Your Spells              Type           Power      Damage    Failure   Level
a - Magic Dart            Conj           100%       1d8       1%          1
b - Searing Ray           Conj           100%       2d8       1%          2
c - Iskenderun's Mystic   Conj/Tloc      52%        2d11      2%          4
d - Arcjolt               Conj/Air       33%        1d43      1%          5
e - Vhi's Electric Charg  Tloc/Air       78%        N/A       7%          4
f - Freezing Cloud        Conj/Ice/Air   27%        6-21      6%          5

Your spell library contained the following spells:

 Spells                   Type           Power      Damage    Failure   Level
 Mercury Vapours          Alch/Air       78%        N/A       1%          2
 Hailstorm                Conj/Ice       52%        3d10      1%          3
 Mephitic Cloud           Conj/Alch/Air  54%        N/A       1%          3
 Fulminant Prism          Conj/Alch      26%        3d14      2%          4
 Summon Small Mammal      Summ           64%        N/A       3%          1
 Blink                    Tloc           32%        N/A       4%          2
 Call Imp                 Summ           32%        N/A       4%          2
 Jinxbite                 Hex            32%        N/A       4%          2
 Scorch                   Fire           32%        2d6       4%          2
 Call Canine Familiar     Summ           16%        N/A       9%          3
 Summon Ice Beast         Ice/Summ       16%        N/A       9%          3
 Tukima's Dance           Hex            16%        N/A       9%          3
 Summon Blazeheart Golem  Fire/Summ      16%        N/A       30%         4
 Summon Forest            Summ/Tloc      8%         N/A       63%         5
 Summon Mana Viper        Hex/Summ       16%        N/A       63%         5
 Sculpt Simulacrum        Ice/Alch       8%         N/A       99%         6
 Summon Cactus Giant      Summ           8%         N/A       99%         6
 Maxwell's Capacitive Co  Air            29%        ∞         100%        8


Dungeon Overview and Level Annotations

Branches:
Dungeon (12/15)            Temple (1/1) D:4            Lair (1/5) D:11
  Sewer (visited)
    Orc: D:9-12

Shops:
D:1 =*(!?   D:3 !   D:6 [*(=   D:7 *

Annotations:
D:4 exclusion: oklob plant
Lair:1 Gastronok


Innate Abilities, Weirdness & Mutations

You have an increased reservoir of magic. (+10% MP)
You shall have no god before yourself.
Your divine heritage dramatically boosts your attributes as you level up.


Message History

The demonic crawler is engulfed in freezing vapours.
Casting: Freezing Cloud (dangerous; 6% risk of failure)
Confirm with . or Enter, or press ? or * to list all spells.
You erupt in a blast of force!
The mystic blast hits the demonic crawler.
The demonic crawler is lightly wounded.
The demonic crawler is knocked back by the mystic blast.
Unknown command.
Casting: Iskenderun's Mystic Blast (dangerous; 2% risk of failure)
Confirm with . or Enter, or press ? or * to list all spells.
You erupt in a blast of force!
The mystic blast hits the demonic crawler!
The demonic crawler is lightly wounded.
Unknown command.
The demonic crawler hits you!
The demonic crawler hits you but does no damage.
The demonic crawler hits you.
Hit: p) +1 dagger (drain)
Press: ? - help, Dir - move target, f - demonic crawler
Aim: a demonic crawler (about 23% to evade your +1 dagger of draining)
Okay, then.
As you read the scroll labelled NIQUSCHEMAO, it crumbles to dust.
It is a scroll of identify.
g - 5 scrolls of teleportation The demonic crawler closely misses you.
The demonic crawler barely misses you. x2
The demonic crawler hits you. x2; The demonic crawler hits you!
There is an escape hatch in the ceiling here.
As you read the scroll of teleportation, it crumbles to dust.
You feel strangely unstable. The demonic crawler hits you!
The demonic crawler hits you but does no damage.
The demonic crawler barely misses you. The demonic crawler hits you!
* * * LOW HITPOINT WARNING * * *
The demonic crawler barely misses you. The demonic crawler hits you!
* * * LOW HITPOINT WARNING * * *
Unknown command.
It was a potion of might.
You feel very mighty all of a sudden. The demonic crawler hits you!
You die...

.....####......# ############
...............#####..........#
...########...................#
...#......#...................#
...'......'...................#
...#...<..#......)......O.....#
...#......#..............y†...#
...########........#####'#<...#
................@..# .Oy#....#
#...............s..#.....#....#
#############...<..#.y...#....#
#......#...>.#....#
#......#.....#....#
#......#.....#..... #......#
+...... +......# #......#


You could see a demonic crawler.

Vanquished Creatures
  4 two-headed ogres
  An ugly thing (D:12)
  A deep elf pyromancer (D:9)
  A manticore (D:11)
  A komodo dragon (Lair:1)
  A kobold demonologist (D:10)
  2 trolls
  Grinder (D:3)
  A shadow (D:11)
  A wraith (D:8)
  A wyvern (D:9)
  Eustachio (D:5)
  5 yaks (D:10)
  A steam dragon (D:7)
  9 vampire mosquitoes
  A water moccasin (D:8)
  3 acid dragons
  3 orc warriors
  2 sky beasts (D:7)
  An ice beast (D:6)
  2 black bears (D:5)
  An ogre (D:7)
  7 centaurs
  A kobold brigand (D:10)
  2 gnoll sergeants
  Blork the orc (D:5)
  4 bullfrogs
  3 scorpions
  4 wights (D:7)
  9 killer bees (D:9)
  2 electric eels (D:11)
  4 howler monkeys (D:10)
  3 jellies
  4 orc priests
  2 hounds
  3 sleepcaps
  Natasha (thrice) (D:3)
  An iguana (D:6)
  7 orc wizards
  14 adders
  9 gnolls
  A shadow imp (D:7)
  2 ufetubi (D:6)
  2 ribbon worms
  12 dart slugs
  60 orcs
  7 endoplasms
  10 giant cockroaches
  9 goblins
  4 hobgoblins
  6 jackals
  13 kobolds
  4 quokkas
  10 ball pythons
  5 bats
  14 frilled lizards
  9 rats
295 creatures vanquished.

Notes
Turn   | Place    | Note
-------+----------+-------------------------------------------
     0 | D:1      | McKennaii the Demigod Conjurer began the quest for the Orb.
     0 | D:1      | Reached XP level 1. HP: 14/14 MP: 5/5
    24 | D:1      | Found Daonykhul's Weapon Shoppe.
   247 | D:1      | Reached XP level 2. HP: 20/20 MP: 5/7
   250 | D:1      | Learned a level 2 spell: Searing Ray
   358 | D:1      | Found Ihodeq's Jewellery Emporium.
   497 | D:1      | Found Qyitisick's General Store.
   583 | D:1      | Reached skill level 4 in Conjurations
   803 | D:1      | Found Geamad's Magic Scroll Emporium.
   860 | D:1      | Found Zalet's Distillery.
  1185 | D:2      | Reached XP level 3. HP: 21/26 MP: 3/9
  2116 | D:2      | You fall into a shaft and drop 2 floors!
  2130 | D:4      | Noticed a scorpion
  2136 | D:4      | Killed a scorpion
  2137 | D:4      | Reached XP level 4. HP: 33/33 MP: 3/11
  2437 | D:3      | Got the Grimoire of Twinkling Pyromania
  2519 | D:3      | Learned a level 4 spell: Iskenderun's Mystic Blast
  2789 | D:3      | Reached XP level 5. HP: 37/38 MP: 10/13
  2833 | D:3      | Noticed Grinder
  2835 | D:3      | Reached skill level 5 in Conjurations
  2840 | D:3      | Killed Grinder
  2841 | D:3      | Reached XP level 6. HP: 35/45 MP: 4/15
  3161 | D:3      | Noticed Natasha
  3167 | D:3      | Killed Natasha
  3353 | D:3      | Noticed Natasha
  3361 | D:3      | Killed Natasha
  3490 | D:3      | Noticed Natasha
  3494 | D:3      | Killed Natasha
  3632 | D:3      | Found Jarel's Distillery.
  3969 | D:4      | Reached skill level 6 in Conjurations
  4301 | D:4      | Found a staircase to the Ecumenical Temple.
  4308 | Temple   | Entered the Ecumenical Temple
  4403 | D:4      | Noticed an oklob plant
  4999 | D:5      | Entered Level 5 of the Dungeon
  5039 | D:5      | Reached XP level 7. HP: 50/50 MP: 9/17
  5111 | D:5      | Reached skill level 5 in Spellcasting
  5378 | D:5      | HP: 2/50 [gnoll sergeant/+0 spear (10)]
  5380 | D:5      | Reached skill level 7 in Conjurations
  5927 | D:5      | Noticed Eustachio
  5938 | D:5      | Killed Eustachio
  6189 | D:5      | Noticed Blork the orc
  6197 | D:5      | Killed Blork the orc
  6198 | D:5      | Reached XP level 8. HP: 51/57 MP: 11/20
  6895 | D:6      | Found Ysmutits's Weapon Emporium.
  6897 | D:6      | Found a glowing drain.
  6929 | Sewer    | Entered a sewer
  7778 | D:6      | Reached skill level 8 in Conjurations
  8492 | D:6      | Found Buynoqep's Assorted Antiques.
  8496 | D:6      | Bought a fuming purple potion for 20 gold pieces
  8496 | D:6      | Bought a sedimented yellow potion for 20 gold pieces
  8496 | D:6      | Bought a scroll labelled TEXUAV YNLEFF for 23 gold pieces
  8496 | D:6      | Bought a golden potion for 20 gold pieces
  8496 | D:6      | Bought a granite ring for 115 gold pieces
  8496 | D:6      | Noticed an animated shadow dragon scales
  8523 | D:6      | Found Vuopemna's Armour Emporium.
  8526 | D:6      | Noticed an animated plate armour
  8618 | D:6      | Found Lehep's Jewellery Boutique.
  8791 | D:6      | Learned a level 5 spell: Arcjolt
  8907 | D:7      | Identified the +0 pair of boots "Ucawnirgh" {rPois Str+3}
  9056 | D:7      | Reached skill level 1 in Air Magic
  9133 | D:7      | Reached XP level 9. HP: 46/61 MP: 13/24
  9423 | D:7      | Found Biacsump's General Store.
  9433 | D:7      | Reached skill level 9 in Conjurations
 10421 | D:8      | Noticed a two-headed ogre
 10433 | D:8      | Killed a two-headed ogre
 11305 | D:9      | Reached XP level 10. HP: 46/69 MP: 2/26
 12178 | D:9      | Reached skill level 10 in Conjurations
 12528 | D:9      | Noticed a deep elf pyromancer
 12541 | D:9      | Killed a deep elf pyromancer
 12542 | D:9      | Reached skill level 5 in Air Magic
 12843 | D:10     | Entered Level 10 of the Dungeon
 13741 | D:10     | Noticed a two-headed ogre
 13758 | D:10     | Killed a two-headed ogre
 13846 | D:10     | Noticed a +0 short sword
 13846 | D:10     | Noticed a +0 spear
 13846 | D:10     | Noticed a +0 dagger
 13846 | D:10     | Noticed a +0 falchion
 13847 | D:10     | Noticed a +0 short sword
 13847 | D:10     | Noticed a +0 spear
 13847 | D:10     | Noticed a +0 dagger
 13848 | D:10     | Noticed a +0 falchion
 14446 | D:11     | Noticed a manticore
 14448 | D:11     | Noticed a two-headed ogre
 14464 | D:11     | Killed a manticore
 14491 | D:11     | Killed a two-headed ogre
 14659 | D:11     | Reached skill level 11 in Conjurations
 14662 | D:11     | Reached XP level 11. HP: 49/74 MP: 7/29
 14930 | D:11     | Found a staircase to the Lair.
 15016 | D:11     | Learned a level 4 spell: Vhi's Electric Charge
 15022 | D:11     | Learned a level 5 spell: Freezing Cloud
 15331 | Lair:1   | Entered Level 1 of the Lair of Beasts
 15545 | Lair:1   | Noticed Gastronok
 15644 | D:12     | Noticed a two-headed ogre
 15693 | D:12     | Killed a two-headed ogre
 15694 | D:12     | Reached skill level 10 in Spellcasting
 16146 | D:12     | Noticed a demonic crawler
 16154 | D:12     | Noticed a demonic crawler
 16263 | D:12     | Slain by a demonic crawler

Illustrated notes

Levels and vault maps discovered:
D:1:      dreamdust_arrival_sigmund_warning, layout_loops_ring, serial_shops,
          nicolae_shop_gaudy_bauble, nicolae_shop_waterfront,
          nicolae_lakefront_shop, shop, nicolae_shop_tiny_waterfront
D:2:      cheibrodos_helix_gallery, layout_basic
D:3:      layout_loops_corners, serial_shops, nicolae_lakefront_shop,
          minmay_misc_feat_encased, uniq_natasha, uniq_grinder
D:4:      layout_cave_pools, tgw_fedhas, nicolae_overflow_two_pavilions,
          minmay_temple_entry_waves
D:5:      layout_basic, mainiacjoe_overflow_24_doors, uniq_blork_the_orc,
          uniq_eustachio
D:6:      nicolae_whirlpool, layout_basic, cheibrodos_sewer_entry_drain,
          serial_shops, nicolae_shop_mannequins,
          nicolae_shop_just_a_little_nook, shop, shop, solitary_fountain
D:7:      layout_basic, lemuel_coloured_pillars_altar, kennysheep_windowed_goal
D:8:      layout_basic
D:9:      layout_gridville, nicolae_overflow_hidden_temple, special_room
          [special_room_orc]
D:10:     layout_cave_pods, grunt_temple_overflow_open,
          amethyst_overflow_temple_binary, nicolae_uskayaw_en_pointe
D:11:     layout_basic, dpeg_oklobed_lair
D:12:     cheibrodos_hippocracy, layout_irregular_city,
          kennysheep_orc_monster_closet_entryway, uniq_rupert
Temple:   zaba_magenta_temple
Lair:1:   layout_hall_layers, serial_forest, infiniplex_forest_lined_room_,
          infiniplex_forest_clump_double, infiniplex_forest_diagonal,
          infiniplex_forest_diagonal, infiniplex_forest_lined_2,
          infiniplex_forest_zigzag_1, infiniplex_forest_straight_2,
          grunt_megastairs_5, uniq_gastronok

Skill      XL: |  1  2  3  4  5  6  7  8  9 10 11 |
---------------+----------------------------------+-----
Spellcasting   | 2 3 4 6 7 8 9 10 | 10.1
Conjurations   | 4 5 6 7 8 9 11 | 11.4
Air Magic      | 1 4 6 7 |  7.4
Dodging        | |  1.7
Stealth        | |  1.7

Action                     |  1- 3 |  4- 6 |  7- 9 | 10-12 || total
---------------------------+-------+-------+-------+-------++-------
  Melee: Unarmed           |    13 |     5 |       |       ||    18
         Dagger            |       |     2 |       |     1 ||     3
   Cast: Magic Dart        |    75 |    75 |   255 |   156 ||   561
         Searing Ray       |     3 |    24 |    50 |    39 ||   116
         Iskenderun's Myst |       |       |     9 |    38 ||    47
         Arcjolt           |       |       |     8 |    15 ||    23
         Freezing Cloud    |       |       |       |     5 ||     5
  Evoke: Wand              |       |     2 |     1 |       ||     3
    Use: Scroll            |       |       |     1 |     2 ||     3
         Potion            |       |       |       |     4 ||     4
 Armour: Robe              |    19 |    23 |   113 |    77 ||   232
  Dodge: Dodged            |    18 |    27 |   101 |    55 ||   201
